 Dungeon Crawl Stone Soup version 0.19.1-1-g22dce08 (webtiles) character file.

8 Eliminator the Magician (level 2, 20/20 HPs)
             Began as a Draconian Wizard on Dec 6, 2016.
             Quit the game on level 1 of the Dungeon on Dec 30, 2016.
             The game lasted 00:07:37 (342 turns).

Eliminator the Magician (Draconian Wizard)           Turns: 342, Time: 00:07:37

Health: 20/20      AC:  4    Str:  9    XL:     2   Next: 0%
Magic:  4/6        EV: 12    Int: 18    God:
Gold:   23         SH:  0    Dex:  9    Spells: 1 memorised, 6 levels left

rFire  . . .     SeeInvis .     (no weapon)
rCold  . . .     Gourm    .     (armour unavailable)
rNeg   . . .     Faith    .     (no shield)
rPois  .         Spirit   .     a - +0 hat
rElec  .         Reflect  .     (no cloak)
rCorr  .         Harm     .     (no gloves)
MR     .....                    (no boots)
Stlth  ++........               (no amulet)
                                (no ring)
                                (no ring)

@: no status effects
A: unfitting armour, cold-blooded, AC +4
a: no special abilities


You were on level 1 of the Dungeon.
You were not hungry.

You visited 1 branch of the dungeon, and saw 1 of its levels.

You collected 23 gold pieces.

Inventory:

Armour
 a - a +0 hat (worn)
 j - a +0 pair of gloves
Scrolls
 g - a scroll of noise {unknown}
Potions
 d - a potion of haste {unknown}
 e - a potion of might (quivered) {unknown}
 h - a potion of resistance {unknown}
 i - a potion of curing {unknown}
Books
 b - a book of Minor Magic

   Spells                             Type                      Level
   a - Magic Dart                     Conjuration                  1
   b - Blink                          Translocation                2
   c - Call Imp                       Summoning                    2
   d - Repel Missiles                 Charms/Air                   2
   e - Slow                           Hexes                        2
   f - Conjure Flame                  Conjuration/Fire             3
   g - Mephitic Cloud                 Conjuration/Poison/Air       3
Comestibles
 c - a bread ration
 f - 7 chunks of flesh


   Skills:
 + Level 1.7 Dodging
 + Level 1.7 Stealth
 + Level 0.2 Unarmed Combat
 + Level 3.4 Spellcasting
 + Level 1.0 Conjurations
   Level 1.0 Summonings
   Level 1.0 Translocations


You had 6 spell levels left.
You knew the following spells:

 Your Spells              Type           Power        Failure   Level  Hunger
a - Magic Dart            Conj           #...         12%         1    None


Dungeon Overview and Level Annotations

Branches:
Dungeon (1/15)

Altars:


Innate Abilities, Weirdness & Mutations

Your plain brown scales are hard. (AC +4)
You cannot fit into any form of body armour.
You are cold-blooded and may be slowed by cold attacks.


Message History

Quiver which item? (- for none, * to show all) (? for menu, Esc to quit)
You don't have any such object.
Quiver which item? (- for none, * to show all) (? for menu, Esc to quit)
You don't have any such object.
Quiver which item? (- for none, * to show all) (? for menu, Esc to quit)
You don't have any such object.
Quiver which item? (- for none, * to show all) (? for menu, Esc to quit)
You don't have any such object.
Quiver which item? (- for none, * to show all) (? for menu, Esc to quit)
You don't have any such object.
Quiver which item? (- for none, * to show all) (? for menu, Esc to quit)
Quivering
e - a fuming silvery potion for throwing.
Welcome back, Eliminator the Draconian Wizard.
Press ? for a list of commands and other information.
Quiver which item? (- for none, * to show all) (? for menu, Esc to quit)
You don't have any such object.
Quiver which item? (- for none, * to show all) (? for menu, Esc to quit)
Quivering
e - a fuming silvery potion for throwing.
Unknown command.
Are you sure you want to abandon this character and quit the game? (Confirm with "yes".)

.........#..........#.##+#####
#...................#....######
##..................#.........#
#.......#.)........'.........#
#.......#..........#.........#
#........#..........###...#######
.........#######'#### ###.##.....
....###..# #)# #.##.#### ...##
##.. #@# #....# ...# #..# #+#
###### ...# ....# ....... #......
#..... ..... .....


There were no monsters in sight!

Vanquished Creatures
  A giant cockroach (D:1)
  2 goblins (D:1)
  2 hobgoblins (D:1)
  A ball python (D:1)
  A frilled lizard (D:1)
  A rat (D:1)
8 creatures vanquished.

Notes
Turn   | Place    | Note
-------+----------+-------------------------------------------
     0 | D:1      | Eliminator the Draconian Wizard began the quest for the Orb.
     0 | D:1      | Reached XP level 1. HP: 14/14 MP: 4/4
   329 | D:1      | Reached XP level 2. HP: 20/20 MP: 3/6
   341 | D:1      | Upgraded the game from 0.19.1 to 0.19.1-1-g22dce08
   342 | D:1      | Quit the game

Action                   || total
-------------------------++-------
Melee: Unarmed           ||     9
 Cast: Magic Dart        ||    13
Armor: Skin              ||     1
Dodge: Dodged            ||     3
